 Dungeon Crawl Stone Soup version 0.19-a0-787-gcef06a7 (webtiles) character file.

11862 Grim the Tainter (level 11, 0/94 HPs)
             Began as a Naga Venom Mage on June 26, 2016.
             Was the Champion of Cheibriados.
             Killed from afar by a gargoyle (16 damage)
             ... with a stone arrow
             ... on level 11 of the Dungeon.
             The game lasted 00:45:40 (14865 turns).

Grim the Tainter (Naga Venom Mage)                 Turns: 14865, Time: 00:45:40

Health: 0/94       AC: 14    Str: 26    XL:     11   Next: 84%
Magic:  3/16       EV: 12    Int: 32    God:    Cheibriados [******]
Gold:   285        SH:  0    Dex: 28    Spells: 3 memorised, 5 levels left

rFire  . . .     SeeInvis +     e - +1 dagger (elec)
rCold  . . .     Gourm    .     f - +1 robe {MR+}
rNeg   . . .     Faith    .     (no shield)
rPois  +         Spirit   .     y - +1 hat
rElec  .         Dismiss  .     n - +0 cloak {+Inv}
rCorr  .         Reflect  .     F - +2 pair of gloves
SustAt .         Harm     .     t - +0 naga barding
MR     ++...                    (no amulet)
Stlth  ++++++....               v - ring of wizardry
                                o - +4 ring of evasion

@: very slightly contaminated, invisible, very slow, very resistant to hostile
enchantments, very stealthy
A: see invisible, deformed body, poison resistance, slowness 2, slow metabolism
1, spit poison 2, AC +3
a: Spit Poison, Bend Time, Temporal Distortion, Slouch, Step From Time, Renounce
Religion, Turn Visible


You were on level 11 of the Dungeon.
You worshipped Cheibriados.
Cheibriados was exalted by your worship.
You were very hungry.

You visited 2 branches of the dungeon, and saw 12 of its levels.

You collected 397 gold pieces.
You spent 112 gold pieces at shops.

Inventory:

Hand Weapons
 d - a +0 rapier
 e - a +1 dagger of electrocution (weapon)
Armour
 f - a +1 robe of magic resistance (worn)
 n - a +0 cloak of invisibility (worn)
 t - a +0 naga barding (worn)
 y - a +1 hat (worn)
 F - a +2 pair of gloves (worn)
Jewellery
 c - an uncursed ring of stealth
 o - a +4 ring of evasion (left hand)
 v - a ring of wizardry (right hand)
 M - an uncursed ring of fire
Wands
 a - a wand of acid (10/15)
 s - a wand of digging (16/24)
 x - a wand of enslavement (5/24)
 A - a wand of slowing (32/48)
 H - a wand of polymorph (19/24)
 I - a wand of iceblast (4/15)
 J - a wand of digging (12/24)
 K - a wand of slowing (36/48)
 L - a wand of confusion (17/48)
Scrolls
 h - 3 scrolls of amnesia
 i - 4 scrolls of blinking {unknown}
 l - a scroll of fog {unknown}
 m - 3 scrolls of random uselessness {unknown}
 p - 5 scrolls of remove curse
 q - a scroll of immolation {unknown}
 r - a scroll of recharging {unknown}
 B - a scroll of identify
 C - 2 scrolls of holy word {unknown}
Potions
 k - 2 potions of cancellation
 u - a potion of curing
 E - 2 potions of flight
Books
 b - a Young Poisoner's Handbook

   Spells                             Type                      Level
   a - Sting                          Conjuration/Poison           1
   b - Mephitic Cloud                 Conjuration/Poison/Air       3
   c - Olgreb's Toxic Radiance        Poison                       4
   d - Alistair's Intoxication        Transmutation/Poison         5
   e - Venom Bolt                     Conjuration/Poison           5
 D - a Fen Folio

   Spells                             Type                      Level
   a - Corpse Rot                     Necromancy                   2
   b - Stone Arrow                    Conjuration/Earth            3
   c - Leda's Liquefaction            Hexes/Earth                  4
   d - Summon Forest                  Summoning/Translocation      5
   e - Hydra Form                     Transmutation                6
   f - Summon Hydra                   Summoning                    7
Comestibles
 g - 4 bread rations
 j - 8 meat rations
 w - 5 fruits
 z - a slice of pizza


   Skills:
 - Level 5.0 Fighting
 - Level 3.1 Short Blades
 - Level 1.5 Dodging
 + Level 11.9 Stealth
 - Level 2.0 Spellcasting
 - Level 5.9 Conjurations
 - Level 5.6 Air Magic
 + Level 13.0 Poison Magic
 - Level 6.4 Invocations
 * Level 7.1 Evocations


You had 5 spell levels left.
You knew the following spells:

 Your Spells              Type           Power        Failure   Level  Hunger
a - Sting                 Conj/Pois      ####         1%          1    None
b - Mephitic Cloud        Conj/Pois/Air  ######..     1%          3    ###....
c - Venom Bolt            Conj/Pois      ######....   2%          5    ######.


Dungeon Overview and Level Annotations

Branches:
Dungeon (11/15)            Temple (1/1) D:4            Lair (0/6) D:10
    Orc (0/2) D:11

Altars:
Ashenzari
Cheibriados
Dithmenos
Elyvilon
Fedhas
Hepliaklqana
Kikubaaqudgha
Makhleb
Nemelex Xobeh
Okawaru
Pakellas
Qazlal
Ru
Sif Muna
Trog
Uskayaw
Vehumet
Xom
Yredelemnul
Zin
The Shining One

Shops:
D:5 [   D:11 [(

Annotations:
D:4 jehirs's ghost, novice GrMo
D:11 Erica


Innate Abilities, Weirdness & Mutations

You cannot wear boots.
Your serpentine skin is tough. (AC +3)
You have supernaturally acute eyesight. (SInv)
Armour fits poorly on your strangely shaped body.
Your system is resistant to poisons. (rPois)
You cover ground very slowly.
You have a slow metabolism.
You can spit poison.


Message History

* * * LOW HITPOINT WARNING * * *
Okay, then.
Okay, then.
Okay, then.
Press: ? - help, v - describe, . - travel, g - get item
Here: a gargoyle, wielding a morningstar A great mace.
There is something else lying underneath.
The floor.
You fail to use your ability.
The gargoyle closely misses you.
You fail to use your ability.
You fade into invisibility!
You are very lightly contaminated with residual magic.
You are feeling very hungry.
The gargoyle hits you with a morningstar.
* * * LOW HITPOINT WARNING * * *
You don't have enough magic at the moment.
The gargoyle hurls a stone arrow at something.
The stone arrow hits you!
You die...

##.#####... .# ##.....##
#.........########.......#
#..#####.................#
### #..#
##.########.......#
#...##..# ##.## ##.....##
#.>.....#####...####
##...###
......##!...)(..#.9..#
##..).. ####o
#).#####o(.##.# ###### .o
.....# ##@## # ......o..#
#.# ..@..o....# #.# # $
o.>o∩.$.# #.# ###
........# ..# #..
$.......# .### #.# #. #.#
# #.# #.#


You could see a gargoyle and an orc.

Vanquished Creatures
  An unseen horror (D:10)
  3 hill giants
  An orc knight (D:11)
  A manticore (D:11)
  A cyclops (D:11)
  Joseph (D:9)
  Psyche (D:11)
  Prince Ribbit (D:9)
  Grinder (D:4)
  A two-headed ogre (D:9)
  A wyvern (D:9)
  Sigmund (D:5)
  6 yaks (D:11)
  Grum (D:9)
  A hungry ghost (D:8)
  Menkaure (D:6)
  2 hell hounds (D:10)
  9 orc warriors
  2 sky beasts
  A black bear (D:11)
  2 ice beasts
  A phantom (D:5)
  An eye of draining (D:9)
  3 wolves (D:9)
  4 ogres
  5 centaurs
  The ghost of Etesian the Gusty, an amateur TeAE (D:3)
  6 giant frogs
  Blork the orc (D:5)
  A gnoll sergeant (D:10)
  2 scorpions
  10 killer bees
  4 wights (D:10)
  5 howler monkeys
  4 crimson imps
  9 hounds
  2 jellies
  11 orc wizards
  7 orc priests
  Crazy Yiuf (D:5)
  2 centaur skeletons
  14 worker ants
  2 iguanas
  2 hound skeletons (D:5)
  A worker ant zombie (D:8)
  8 gnolls
  9 adders
  3 shadow imps
  3 adder skeletons
  5 worms
  5 giant geckos
  46 orcs
  6 ball pythons
  8 bats
  5 giant cockroaches
  10 goblins
  10 hobgoblins
  7 jackals
  7 quokkas
  A giant gecko skeleton (D:4)
  7 giant newts
  9 kobolds
  A quokka skeleton (D:4)
  9 rats
297 creatures vanquished.

Notes
Turn   | Place    | Note
--------------------------------------------------------------
     0 | D:1      | Grim the Naga Venom Mage began the quest for the Orb.
     0 | D:1      | Reached XP level 1. HP: 15/15 MP: 3/3
   145 | D:1      | Reached skill level 1 in Conjurations
   149 | D:1      | Reached XP level 2. HP: 22/22 MP: 0/5
   808 | D:1      | Reached skill level 1 in Short Blades
  1162 | D:2      | Reached XP level 3. HP: 28/28 MP: 6/6
  1328 | D:2      | Found a shimmering altar of Xom.
  1329 | D:2      | Found a hazy altar of Hepliaklqana.
  1329 | D:2      | Noticed a torpor snail
  1330 | D:2      | Noticed a torpor snail
  1330 | D:2      | Noticed a spectral ugly thing
  2166 | D:2      | Reached XP level 4. HP: 15/36 MP: 7/7
  2781 | D:3      | Found a stormy altar of Qazlal.
  2813 | D:3      | Reached skill level 6 in Poison Magic
  2813 | D:3      | Reached XP level 5. HP: 38/42 MP: 5/8
  2910 | D:3      | Noticed Etesian's ghost (amateur TeAE)
  2934 | D:3      | Killed Etesian's ghost
  3151 | D:3      | Found a glowing silver altar of Zin.
  3913 | D:3      | Reached XP level 6. HP: 46/49 MP: 9/9
  4429 | D:3      | Found a white marble altar of Elyvilon.
  4777 | D:4      | Learned a level 3 spell: Mephitic Cloud
  4780 | D:4      | Found a staircase to the Ecumenical Temple.
  4929 | Temple   | Entered the Ecumenical Temple
  5008 | Temple   | Became a worshipper of Cheibriados the Contemplative
  5105 | D:4      | Reached skill level 7 in Poison Magic
  5305 | D:4      | Reached skill level 1 in Air Magic
  5305 | D:4      | Reached XP level 7. HP: 55/55 MP: 10/10
  5474 | D:4      | Noticed Grinder
  5492 | D:4      | Paralysed by Grinder for 3 turns
  5509 | D:4      | Killed Grinder
  5770 | D:4      | Reached skill level 8 in Poison Magic
  6033 | D:4      | Reached * piety under Cheibriados
  6033 | D:4      | Reached skill level 5 in Conjurations
  6040 | D:4      | Reached XP level 8. HP: 39/62 MP: 11/11
  6312 | D:4      | Noticed jehirs's ghost (novice GrMo)
  6801 | D:5      | Entered Level 5 of the Dungeon
  7080 | D:5      | Found Pixaxiul's Antique Armour Shoppe.
  7088 | D:5      | Bought a pair of embroidered gloves for 112 gold pieces
  7103 | D:5      | Noticed Blork the orc
  7123 | D:5      | Killed Blork the orc
  7147 | D:5      | Noticed Sigmund
  7153 | D:5      | Killed Sigmund
  7153 | D:5      | Reached skill level 5 in Air Magic
  7397 | D:5      | Reached skill level 9 in Poison Magic
  7534 | D:5      | Reached ** piety under Cheibriados
  7665 | D:5      | Found a runed door.
  7917 | D:5      | Reached skill level 1 in Fighting
  8260 | D:5      | Noticed Crazy Yiuf
  8279 | D:5      | Killed Crazy Yiuf
  8279 | D:5      | Reached XP level 9. HP: 70/70 MP: 4/12
  8650 | D:6      | Noticed Menkaure
  8663 | D:6      | Killed Menkaure
  8822 | D:6      | Reached skill level 5 in Stealth
  8878 | D:6      | Reached *** piety under Cheibriados
  9221 | D:7      | Reached skill level 10 in Poison Magic
  9879 | D:6      | Learned a level 5 spell: Venom Bolt
  9918 | D:6      | Reached skill level 5 in Fighting
  9972 | D:6      | Reached skill level 1 in Invocations
 10300 | D:7      | Reached **** piety under Cheibriados
 10641 | D:7      | You fall through a shaft for 2 floors!
 10644 | D:9      | Noticed Grum
 10665 | D:9      | Reached XP level 10. HP: 46/88 MP: 0/13
 10698 | D:9      | Killed Grum
 11207 | D:9      | Noticed Prince Ribbit
 11218 | D:9      | Killed Prince Ribbit
 11218 | D:9      | Reached skill level 11 in Poison Magic
 11261 | D:9      | Reached skill level 5 in Invocations
 11568 | D:9      | Reached ***** piety under Cheibriados
 11582 | D:9      | Found a shattered altar of Ashenzari.
 11787 | D:9      | Noticed Joseph
 11805 | D:9      | Killed Joseph
 12670 | D:10     | Entered Level 10 of the Dungeon
 12823 | D:10     | Reached skill level 1 in Evocations
 12944 | D:10     | Found a staircase to the Lair.
 12984 | D:10     | Noticed an unseen horror
 12997 | D:10     | Noticed a hill giant
 13009 | D:10     | Killed a hill giant
 13009 | D:10     | Reached XP level 11. HP: 54/94 MP: 10/15
 13026 | D:10     | Reached skill level 10 in Stealth
 13027 | D:10     | Killed an unseen horror
 13027 | D:10     | Reached skill level 12 in Poison Magic
 13592 | D:10     | Reached ****** piety under Cheibriados
 13766 | D:10     | Reached skill level 5 in Evocations
 13824 | D:11     | Noticed a hill giant
 13832 | D:11     | Killed a hill giant
 13838 | D:11     | Noticed a manticore
 13855 | D:11     | Killed a manticore
 14190 | D:11     | Noticed a hill giant
 14193 | D:11     | Noticed Psyche
 14194 | D:11     | Killed a hill giant
 14199 | D:11     | Killed Psyche
 14316 | D:11     | Noticed Erica
 14317 | D:11     | Found Vyal's Weapon Shoppe.
 14317 | D:11     | Noticed an orc knight
 14320 | D:11     | Found a staircase to the Orcish Mines.
 14321 | D:11     | Found Daraup's Armour Shoppe.
 14321 | D:11     | Noticed a cyclops
 14562 | D:11     | Killed a cyclops
 14856 | D:11     | Killed an orc knight
 14856 | D:11     | Reached skill level 13 in Poison Magic
 14865 | D:11     | Killed from afar by a gargoyle

Vault maps used:
D:1:      dpeg_arrival_ratfight, minmay_misc_feat_secret_circle
D:2:      regret_index_temple_of_mockery
D:3:      zin_treasury, lemuel_crystal_altar, nicolae_overflow_hidden_temple,
          minivault_27, minmay_shallow_snake_nest
D:4:      first_bread, uniq_grinder
D:5:      serial_shops, nicolae_shop_trees, uniq_crazy_yiuf_cottage,
          uniq_blork_the_orc, uniq_sigmund
D:6:      uniq_menkaure
D:9:      lemuel_crystal_altar, uniq_grum, uniq_prince_ribbit1, uniq_joseph
D:10:     minmay_lair_entry_lava
D:11:     orc_david_3, uniq_psyche, uniq_erica
Temple:   eino_temple_rhombus

Skill      XL: |  1  2  3  4  5  6  7  8  9 10 11 |
---------------+----------------------------------+-----
Conjurations   | 1 2 3 4 5 |  5.9
Short Blades   | 1 2 3 |  3.1
Poison Magic   | 6 7 8 9 10 11 13 | 13.0
Air Magic      | 1 3 5 |  5.6
Fighting       | 1 5 |  5.0
Stealth        | 7 9 11 | 11.9
Invocations    | 3 6 |  6.4
Evocations     | 3 7 |  7.1
Dodging        | |  1.5
Spellcasting   | |  2.0

Action                   |  1- 3 |  4- 6 |  7- 9 | 10-12 || total
-------------------------+-------+-------+-------+-------++-------
Melee: Unarmed           |     2 |       |       |       ||     2
       Dagger            |    84 |   145 |   403 |   361 ||   993
 Cast: Sting             |    34 |    15 |    16 |    12 ||    77
       Mephitic Cloud    |       |       |    28 |     6 ||    34
       Venom Bolt        |       |       |     1 |    14 ||    15
Invok: Bend Time         |       |       |     1 |       ||     1
 Abil: Spit Poison       |     4 |     2 |     2 |       ||     8
       Evoke Invisibilit |       |       |       |     1 ||     1
Evoke: Wand              |       |       |       |     1 ||     1
  Use: Scroll            |     1 |     1 |     7 |     1 ||    10
       Potion            |       |     3 |     3 |       ||     6
 Stab: Sleeping          |     4 |     8 |     9 |    33 ||    54
       Distracted        |       |     2 |       |       ||     2
       Confused          |       |       |    12 |     3 ||    15
  Eat: Chunk             |     3 |     4 |     4 |     5 ||    16
       Bread ration      |       |     1 |     2 |     2 ||     5
Armor: Robe              |    13 |    42 |   154 |   130 ||   339
       Skin              |       |       |    23 |     5 ||    28
Dodge: Dodged            |    51 |    89 |   121 |   181 ||   442
